Map: Beckett Industries LE

Players

Hellraiser - Winner!

  • Race: Protoss Protoss

ShaDoWn

  • Race: Protoss Protoss

Event: DreamHack SC2 Masters 2021 Fall

VOD

Have the link to the VOD?

Description

Time

  • Played on: Aug. 1, 2021, 3:02 p.m.
  • Length: 19:30

All games in this series

Show
View Real Time Build Order
Export as new Build Order

Hellraiser Protoss - Winner!

Build Orders: Blink Stalkers 

Get SALT Encoding   

  12  0:00  Probe  
  13  0:12  Probe  
  14  0:17  Pylon  
  14  0:24  Probe (Chrono Boost)  
  16  0:36  Probe (Chrono Boost)  
  16  0:37  Gateway  
  16  0:43  Probe (Chrono Boost)  
  16  0:46  Assimilator  
  17  0:51  Probe  
  17  0:55  Assimilator  
  18  1:03  Probe (Chrono Boost)  
  19  1:09  Gateway  
  19  1:13  Probe (Chrono Boost)  
  20  1:19  Probe  
  21  1:26  Cybernetics Core  
  21  1:31  Probe  
  22  1:37  Pylon  
  22  1:43  Probe  
  23  1:55  Probe  
  24  2:03  Adept x2, Warp Gate  
  28  2:12  Pylon  
  28  2:17  Probe  
  29  2:33  Stalker x2  
  33  2:55  Nexus  
  33  3:05  Sentry  
  35  3:07  Sentry  
  35  3:11  Probe  
  38  3:18  Pylon  
  38  3:22  Twilight Council  
  38  3:24  Probe  
  39  3:32  Shield Battery  
  39  3:36  Probe  
  40  3:47  Forge  
  40  3:49  Probe (Chrono Boost)  
  41  3:59  Blink  
  41  4:01  Probe (Chrono Boost)  
  42  4:09  Probe x2 (Chrono Boost)  
  44  4:17  Stalker, Probe (Chrono Boost)  
  46  4:18  Probe (Chrono Boost)  
  46  4:22  Probe (Chrono Boost)  
  46  4:24  Protoss Ground Weapons Level 1 (Chrono Boost)  
  50  4:32  Probe (Chrono Boost)  
  50  4:35  Robotics Facility  
  50  4:37  Probe (Chrono Boost)  
  51  4:41  Phoenix  
  51  4:42  Probe x2 (Chrono Boost)  
  53  4:56  Probe x2  
  53  5:02  Nexus  
  53  5:06  Gateway  
  51  5:09  Probe (Chrono Boost)  
  51  5:12  Gateway, Probe (Chrono Boost)  
  53  5:17  Pylon  
  53  5:20  Probe (Chrono Boost)  
  55  5:23  Observer, Probe (Chrono Boost)  
  55  5:25  Phoenix, Probe (Chrono Boost)  
  57  5:32  Assimilator, Probe  
  57  5:35  Gateway  
  58  5:36  Gateway, Probe  
  59  5:44  Probe  
  59  5:48  Stalker x2, Probe  
  65  5:56  Probe  
  66  6:00  Probe  
  66  6:01  Stalker  
  69  6:04  Photon Cannon  
  69  6:09  Probe  
  70  6:14  Stalker x3  
  70  6:16  Probe  
  70  6:17  Probe  
  78  6:22  Shield Battery  
  78  6:24  Shield Battery  
  78  6:27  Protoss Ground Weapons Level 2 (Chrono Boost), Probe  
  78  6:28  Warp Prism (Chrono Boost)  
  83  6:41  Pylon  
  83  6:42  Pylon  
  83  6:43  Stalker  
  83  6:44  Pylon  
  83  6:46  Probe x2  
  85  6:49  Pylon  
  85  6:56  Dark Shrine  
  85  7:00  Shield Battery, Probe x2  
  87  7:02  Probe  
  87  7:05  Stalker x2  
  87  7:06  Stalker  
  94  7:08  Assimilator  
  94  7:11  Photon Cannon  
  94  7:12  Probe  
  94  7:14  Shield Battery  
  95  7:19  Probe  
  95  7:20  Probe  
  97  7:23  Assimilator  
  97  7:25  Stalker x2  
  97  7:27  Pylon  
  101  7:36  Probe  
  102  7:39  Probe  
  102  7:47  Stalker x4  
  102  7:50  Immortal (Chrono Boost)  
  110  7:52  Nexus  
  110  7:58  Probe  
  115  8:00  Pylon  
  115  8:03  Gateway  
  115  8:13  Dark Templar x4  
  115  8:16  Gateway  
  123  8:20  Pylon  
  123  8:26  Observer  
  123  8:27  Probe x2  
  125  8:29  Probe  
  125  8:31  Robotics Bay  
  125  8:33  Assimilator, Pylon  
  127  8:35  Shield Battery  
  127  8:36  Shield Battery, Protoss Ground Weapons Level 3 (Chrono Boost)  
  127  8:39  Photon Cannon  
  127  8:53  Shield Battery  
  127  8:55  Shield Battery  
  127  8:56  Shield Battery, Probe  
  127  8:58  Probe  
  129  9:07  Shield Battery  
  127  9:11  Stalker x5  
  137  9:19  Disruptor (Chrono Boost)  
  137  9:24  Probe x2  
  140  9:25  Probe  
  139  9:32  Probe  
  139  9:35  Stalker  
  139  9:36  Stalker x5, Probe  
  153  9:39  Charge (Chrono Boost)  
  153  9:42  Photon Cannon  
  153  9:43  Pylon  
  153  9:51  Probe  
  153  9:52  Observer  
  152  9:53  Disruptor (Chrono Boost)  
  152  9:58  Shield Battery  
  152  10:00  Photon Cannon  
  152  10:04  Photon Cannon  
  152  10:09  Photon Cannon  
  152  10:12  Photon Cannon  
  152  10:14  Stalker x4  
  154  10:19  Disruptor (Chrono Boost)  
  154  10:21  Assimilator  
  163  10:22  Assimilator  
  163  10:23  Probe  
  162  10:28  Probe  
  162  10:32  Photon Cannon  
  159  10:40  Robotics Facility  
  159  10:47  Disruptor (Chrono Boost)  
  159  10:48  Stalker x5  
  172  10:52  Pylon  
  172  10:54  Pylon x2  
  172  10:56  Shield Battery  
  172  11:10  Probe  
  173  11:13  Nexus  
  173  11:14  Probe x2  
  173  11:17  Gateway  
  178  11:18  Gateway  
  178  11:19  Disruptor (Chrono Boost)  
  178  11:22  Pylon  
  178  11:23  Pylon  
  178  11:31  Disruptor (Chrono Boost)  
  181  11:35  Probe  
  181  11:36  Probe  
  181  11:42  Protoss Ground Armor Level 1 (Chrono Boost)  
  181  11:46  Disruptor (Chrono Boost)  
  184  11:47  Observer  
  184  11:50  Probe  
  184  11:51  Gateway, Probe  
  184  11:52  Pylon, Gateway  
  186  11:54  Shadow Stride (Chrono Boost)  
  186  11:55  Disruptor (Chrono Boost)  
  186  11:59  Probe  
  186  12:01  Probe  
  191  12:04  Pylon  
  191  12:14  Probe  
  192  12:18  Observer (Chrono Boost), Probe  
  193  12:23  Observer (Chrono Boost)  
  193  12:29  Probe  
  194  12:32  Dark Templar x4  
  196  12:41  Stalker x2  
  200  12:46  Assimilator  
  200  12:48  Pylon  
  199  13:06  Probe  
  199  13:11  Probe  
  195  13:14  Stalker x6  
  197  13:23  Probe  
  197  13:26  Probe  
  188  13:27  Probe  
  179  13:38  Stalker x9  
  194  13:42  Probe x2  
  194  13:43  Nexus  
  194  13:45  Pylon, Probe x2  
  194  13:46  Photon Cannon  
  198  13:49  Shield Battery  
  198  13:54  Probe x2  
  196  13:56  Observer  
  196  13:57  Probe  
  196  14:01  Probe  
  193  14:06  Probe x2  
  193  14:07  Shield Battery  
  193  14:08  Photon Cannon  
  193  14:09  Probe  
  196  14:10  Pylon  
  196  14:13  Probe  
  196  14:18  Probe x2  
  196  14:21  Probe  
  199  14:25  Probe  
  199  14:30  Probe  
  199  14:32  Disruptor x2 (Chrono Boost)  
  189  14:41  Probe x2  
  189  14:42  Probe  
  189  14:43  Assimilator  
  189  14:44  Assimilator  
  171  14:48  Pylon  
  169  14:53  Probe  
  169  14:54  Probe  
  169  14:55  Probe  
  164  15:07  Zealot x8  
  164  15:08  Zealot x4  
  164  15:09  Probe  
  164  15:13  Probe x2  
  164  15:14  Probe  
  188  15:18  Disruptor (Chrono Boost)  
  194  15:22  Disruptor (Chrono Boost), Probe  
  194  15:28  Nexus  
  195  15:37  Photon Cannon  
  195  15:39  Shield Battery  
  195  15:40  Photon Cannon  
  195  15:41  Probe  
  192  15:44  Probe  
  192  15:45  Pylon  
  192  15:47  Observer  
  192  15:48  Probe  
  185  15:56  Dark Templar  
  169  16:18  Stalker x10  
  163  16:19  Stalker  
  163  16:23  Probe  
  160  16:30  Probe  
  160  16:31  Probe  
  162  16:36  Protoss Shields Level 1 (Chrono Boost), Probe  
  162  16:38  Probe  
  164  16:41  Probe  
  164  16:42  Probe  
  164  16:43  Probe  
  167  16:47  Photon Cannon  
  167  16:48  Probe  
  167  16:51  Dark Templar x2  
  167  16:52  Dark Templar x4  
  167  16:53  Probe  
  163  17:02  Nexus  
  163  17:09  Probe  
  163  17:15  Probe  
  165  17:21  Probe  
  165  17:22  Probe  
  167  17:25  Observer x2  
  169  17:31  Nexus  
  144  17:54  Stalker x7  
  144  17:55  Zealot x3  
  154  18:07  Probe x2  
  147  18:18  Zealot x3  
  147  18:19  Zealot x2  
  155  18:32  Probe  
  145  18:36  Probe  
  145  18:37  Probe  
  147  18:44  Probe  
  147  18:45  Probe  
  147  18:48  Probe  
  148  18:49  Probe  
  149  19:05  Pylon  
  149  19:08  Zealot x3  
  149  19:14  Dark Templar x2  
Show
View Real Time Build Order
Export as new Build Order

ShaDoWn Protoss 

Build Orders:  

Get SALT Encoding   

  12  0:00  Probe  
  13  0:12  Probe  
  14  0:16  Pylon  
  14  0:24  Probe (Chrono Boost)  
  15  0:36  Probe (Chrono Boost)  
  15  0:37  Gateway  
  16  0:45  Probe (Chrono Boost)  
  16  0:46  Assimilator  
  17  0:51  Probe  
  17  0:55  Assimilator  
  18  1:03  Probe (Chrono Boost)  
  19  1:08  Gateway  
  19  1:15  Probe (Chrono Boost)  
  20  1:21  Probe (Chrono Boost)  
  20  1:25  Cybernetics Core  
  21  1:29  Probe  
  22  1:41  Probe  
  22  1:43  Pylon  
  23  2:01  Probe, Warp Gate  
  23  2:02  Stalker  
  28  2:10  Sentry  
  28  2:19  Pylon  
  28  2:28  Pylon  
  28  2:33  Sentry  
  30  2:43  Nexus  
  30  2:44  Probe  
  31  2:47  Sentry  
  33  2:53  Shield Battery  
  33  3:00  Stalker  
  33  3:03  Probe  
  36  3:11  Shield Battery  
  36  3:15  Probe  
  36  3:19  Pylon  
  37  3:27  Probe  
  37  3:30  Twilight Council  
  38  3:39  Probe  
  38  3:40  Shield Battery  
  38  3:48  Forge  
  38  3:52  Probe (Chrono Boost)  
  39  3:55  Probe (Chrono Boost)  
  41  4:03  Shield Battery, Probe (Chrono Boost)  
  41  4:05  Probe (Chrono Boost)  
  41  4:08  Probe (Chrono Boost)  
  41  4:09  Blink  
  42  4:10  Probe (Chrono Boost)  
  44  4:19  Shield Battery, Probe (Chrono Boost)  
  44  4:22  Probe (Chrono Boost)  
  46  4:24  Protoss Ground Weapons Level 1  
  47  4:31  Probe (Chrono Boost)  
  47  4:34  Probe (Chrono Boost)  
  47  4:36  Shield Battery  
  48  4:40  Probe (Chrono Boost)  
  48  4:41  Probe (Chrono Boost)  
  50  4:48  Nexus  
  50  4:57  Robotics Facility  
  50  4:58  Probe  
  49  5:08  Gateway  
  49  5:09  Stalker  
  49  5:10  Gateway  
  49  5:13  Stalker  
  53  5:16  Probe (Chrono Boost)  
  53  5:17  Probe (Chrono Boost)  
  53  5:19  Assimilator  
  56  5:28  Probe (Chrono Boost)  
  56  5:29  Pylon  
  56  5:34  Probe (Chrono Boost)  
  57  5:37  Probe (Chrono Boost)  
  57  5:41  Probe (Chrono Boost)  
  59  5:45  Observer, Probe  
  59  5:46  Pylon  
  59  5:49  Adept x2  
  65  5:53  Probe  
  66  5:57  Probe  
  66  6:00  Probe (Chrono Boost)  
  66  6:03  Pylon  
  68  6:06  Immortal  
  68  6:08  Probe (Chrono Boost)  
  68  6:09  Charge  
  74  6:12  Probe (Chrono Boost)  
  74  6:14  Probe (Chrono Boost)  
  76  6:20  Stalker x2, Probe (Chrono Boost)  
  76  6:21  Probe (Chrono Boost)  
  76  6:24  Probe (Chrono Boost)  
  82  6:29  Probe (Chrono Boost)  
  82  6:31  Protoss Ground Weapons Level 2 (Chrono Boost), Probe (Chrono Boost)  
  84  6:36  Assimilator  
  84  6:39  Probe x2 (Chrono Boost)  
  87  6:44  Pylon  
  87  6:46  Immortal (Chrono Boost)  
  90  6:48  Gateway, Stalker x2  
  90  6:51  Stalker  
  96  6:54  Shield Battery  
  96  6:56  Stalker  
  98  7:04  Probe  
  98  7:06  Pylon  
  99  7:11  Gateway  
  99  7:15  Immortal (Chrono Boost)  
  99  7:16  Shield Battery, Probe x3  
  99  7:21  Pylon  
  106  7:28  Pylon, Probe  
  107  7:31  Pylon  
  107  7:34  Zealot x4  
  115  7:50  Assimilator  
  111  7:52  Templar Archives  
  111  7:55  Gateway  
  111  7:57  Gateway  
  111  7:59  Zealot x5  
  111  8:01  Gateway  
  121  8:10  Nexus  
  121  8:13  Pylon  
  121  8:14  Observer  
  121  8:19  Observer  
  122  8:20  Zealot x4  
  122  8:25  Zealot x2  
  134  8:42  Shield Battery  
  134  8:43  Warp Prism (Chrono Boost)  
  134  8:44  Probe  
  139  8:49  High Templar x5  
  139  8:51  Protoss Ground Weapons Level 3 (Chrono Boost)  
  139  8:52  Pylon x2  
  139  8:53  Pylon  
  139  8:55  Archon x2  
  147  8:57  Observer  
  147  9:00  Photon Cannon  
  147  9:03  Zealot  
  143  9:19  Probe  
  143  9:20  Probe  
  142  9:24  Zealot x2  
  142  9:25  Zealot x5, Probe  
  149  9:32  Probe  
  149  9:34  Probe x2  
  150  9:39  Photon Cannon  
  150  9:41  High Templar x2  
  150  9:45  High Templar  
  156  9:46  Probe  
  156  9:47  Probe  
  156  9:50  Archon, Probe  
  158  9:56  Probe  
  158  9:57  Robotics Facility  
  158  9:59  Probe  
  154  10:01  Probe  
  154  10:02  Archon  
  154  10:04  Robotics Bay  
  154  10:06  Assimilator, Photon Cannon  
  151  10:10  Assimilator  
  151  10:11  Photon Cannon x2  
  151  10:16  Probe  
  151  10:17  Probe  
  151  10:18  Zealot  
  151  10:19  Zealot x2  
  157  10:25  Probe  
  157  10:27  Probe  
  151  10:30  Probe  
  150  10:39  Pylon  
  150  10:40  Pylon  
  150  10:42  Pylon  
  150  10:43  Pylon, Photon Cannon  
  150  10:48  Photon Cannon  
  150  10:56  Disruptor x2 (Chrono Boost), Photon Cannon  
  156  10:57  Probe  
  156  10:59  Probe  
  158  11:11  Probe  
  159  11:24  Disruptor (Chrono Boost)  
  162  11:27  Disruptor (Chrono Boost)  
  165  11:37  Photon Cannon  
  144  11:51  Stalker x9  
  162  11:55  Disruptor  
  165  12:01  Disruptor  
  168  12:14  Probe  
  169  12:24  Stalker x8  
  182  12:31  Disruptor  
  173  12:37  Disruptor  
  173  12:42  Stalker  
  176  12:47  Stalker x5  
  176  12:48  Stalker x2  
  190  12:55  Photon Cannon  
  190  12:57  Photon Cannon  
  186  12:59  Photon Cannon  
  186  13:01  Shield Battery  
  186  13:05  Nexus  
  186  13:06  Photon Cannon  
  186  13:12  Probe  
  169  13:15  Stalker x2  
  169  13:16  Stalker x6  
  159  13:41  Stalker x9  
  171  13:49  Probe  
  168  13:55  Probe  
  169  14:03  Observer  
  169  14:04  Disruptor  
  169  14:09  Assimilator  
  173  14:17  Nexus  
  173  14:18  Pylon, Stalker x3  
  178  14:36  Stalker x5  
  178  14:37  Stalker  
  169  14:56  Pylon  
  169  14:57  Shield Battery  
  169  14:59  Photon Cannon  
  168  15:00  Photon Cannon  
  168  15:02  Photon Cannon  
  168  15:03  Pylon  
  168  15:04  Probe  
  121  15:13  Stalker x6  
  116  15:33  Stalker x3  
  116  15:34  Robotics Bay  
  122  15:43  Observer (Chrono Boost)  
  110  16:17  Observer, Disruptor (Chrono Boost)  
  86  16:19  Stalker x2  
  88  16:29  Stalker x7  
  85  17:01  Disruptor (Chrono Boost)  
  88  17:14  Nexus  
  88  17:19  Stalker x2  
  91  17:29  Observer (Chrono Boost)  
  87  17:53  Stalker x3  
  64  18:36  Stalker x3  
  68  18:58  Stalker  

Tags
 
Add a new tag
Caveats
  • Supply blocks, unpowered buildings, or Contaminate may cause inaccurate times.
  • Supply counts are checked every 10 seconds.